 Dungeon Crawl Stone Soup version 0.17.1-2-g5865329 (webtiles) character file.

3978 JustSomeDude the Sculptor of Flesh (level 10, 0/78 HPs)
             Began as a Demonspawn Monk on Jan 27, 2016.
             Was an Elder of Yredelemnul.
             Slain by a necrophage (3 damage)
             ... on level 9 of the Dungeon.
             The game lasted 00:25:00 (5317 turns).

JustSomeDude the Sculptor of Flesh (DsMo)           Turns: 5317, Time: 00:25:00

Health: 0/78       AC: 16    Str: 13    XL:     10   Next: 2%
Magic:  15/18      EV:  8    Int: 15    God:    Yredelemnul [****..]
Gold:   217        SH:  0    Dex: 16    Spells: 0 memorised, 19 levels left

rFire  . . .     SeeInvis .     t - +0 war axe (chop)
rCold  + + .     Rnd*Rage +     D - +4 chain mail of the Doldrums {*Confuse rPois rC+}
rNeg   . . .     SustAt   .     (no shield)
rPois  +         Gourm    .     (helmet restricted)
rElec  .         Spirit   .     u - +0 cloak
rCorr  .         Warding  .     j - +0 pair of gloves
rMut   .         Stasis   .     (no boots)
MR     .....                    (no amulet)
Stlth  ..........               (no ring)
                                (no ring)

@: flying, very slightly contaminated, not resistant to hostile enchantments,
extremely unstealthy
A: antennae 2, hooves 1, rugged brown scales 1, berserk 1, clever 1, cold
resistance 1, spiny 1, spit poison 1, MP-powered wands
a: Spit Poison, Recall Undead Slaves, Injury Mirror, Animate Dead, Drain Life,
Renounce Religion


You were on level 9 of the Dungeon.
You worshipped Yredelemnul.
Yredelemnul was greatly pleased with you.
You were not hungry.

You visited 1 branch of the dungeon, and saw 9 of its levels.

You collected 445 gold pieces.
You spent 228 gold pieces at shops.

Inventory:

Hand Weapons
 t - a +0 war axe of chopping (weapon)
Missiles
 m - 5 exploding tomahawks (quivered)
 B - 12 tomahawks
 C - a steel tomahawk
Armour
 a - a +0 robe
 j - a +0 pair of gloves (worn)
 u - a +0 cloak (worn)
 D - the +4 chain mail of the Doldrums (worn) {*Confuse rPois rC+}
   (You bought it in a shop on level 7 of the Dungeon)

   It protects you from cold.
   It protects you from poison.
   It may confuse you when you take damage.
Jewellery
 E - a cursed +5 ring of evasion {unknown}
Wands
 o - a wand of draining (10)
 y - a wand of polymorph (8)
 F - a wand of teleportation (3)
Scrolls
 c - a scroll of fear
 d - 5 scrolls of identify
 e - 2 scrolls of enchant weapon {unknown}
 i - a scroll of silence {unknown}
 k - 2 scrolls of magic mapping {unknown}
 l - a scroll of teleportation {unknown}
 n - a scroll of random uselessness {unknown}
 p - 2 scrolls of recharging {unknown}
 q - 8 scrolls of remove curse {unknown}
 s - a scroll of enchant armour {unknown}
 w - 2 scrolls of fog {unknown}
 x - a scroll of immolation {unknown}
Potions
 g - 2 potions of flight
 v - a potion of invisibility
 z - a potion of curing
Books
 r - a book of Callings

   Spells                             Type                      Level
   a - Summon Small Mammal            Summoning                    1
   b - Call Imp                       Summoning                    2
   c - Call Canine Familiar           Summoning                    3
   d - Summon Guardian Golem          Hexes/Summoning              3
   e - Summon Lightning Spire         Summoning/Air                4
   f - Summon Ice Beast               Ice/Summoning                4
Comestibles
 b - 5 bread rations
 f - a meat ration
 h - 11 fruits


   Skills:
 + Level 6.1 Fighting
 + Level 3.3 Axes
 + Level 2.9 Armour
 + Level 6.7 Dodging
 + Level 5.0 Stealth
 + Level 4.9 Unarmed Combat
 * Level 5.4 Spellcasting
 * Level 7.4 Invocations


You had 19 spell levels left.
You didn't know any spells.

Dungeon Overview and Level Annotations

Branches:
Dungeon (9/15)             Temple (0/1) D:7
   Lair: D:8-11         Orc: D:9-12

Altars:
Makhleb
Qazlal
Yredelemnul
The Shining One

Shops:
D:7 [


Innate Abilities, Weirdness & Mutations

You have a pair of antennae on your head.
You are partially covered in rugged brown scales (AC +1, +3% HP).
Your flesh is cold resistant.
You are partially covered in sharp spines.
You have large cloven feet.
You tend to lose your temper in combat.
Your mind is acute. (Int +2)
You can spit weak poison.
You expend magic power (3 MP) to strengthen your wands.


Message History

* * * LOW HITPOINT WARNING * * *
The skeletal warrior hits you with a flail.
* * * LOW HITPOINT WARNING * * *
Read which item? (? for menu, Esc to quit)
Okay, then.
That item cannot be evoked!
Evoke which item? (* to show all) (? for menu, Esc to quit)
Zapping:
F - a wand of teleportation (will waste charges)
Press: ? - help, Shift-Dir - straight line, f - you You feel strangely unstable.
Evoking this partially-identified wand wasted a few charges.
The wyvern zombie is struck by your spines.
The wyvern zombie bites you but does no damage.
The wyvern zombie is struck by your spines.
The wyvern zombie barely misses you.
Your surroundings suddenly seem different.
The necrophage is struck by your spines.
The necrophage hits you.
You die...
Your body rises from the dead as a mindless zombie.

#Z#{###Z.# #{#
{##{##..####.#
{#{#..#....#######
{{##..#..........# {
{ {#.<............#
##......Z.......#
#.>...<.......z.#
#...............#
#........Z.n@...#
#......>........#
#####...............#
....................#
#####################


You could see a necrophage, a wight, a giant frog skeleton and a wyvern
skeleton.

Vanquished Creatures
  A troll (D:9)
  A flying skull (D:9)
  2 yaks (D:9)
  A hungry ghost (D:5)
  An orc warrior (D:9)
  A phantom (D:5)
  An ice beast (D:7)
  An ogre (D:6)
  A centaur (D:5)
  2 giant frogs
  5 wights
  A killer bee (D:7)
  A quasit (D:6)
  3 hounds
  A crimson imp (D:8)
  2 giant frog skeletons
  A giant frog zombie (D:9)
  A centaur skeleton (D:9)
  A jelly (D:7)
  2 orc wizards
  2 iguanas
  3 gnolls
  A worker ant zombie (D:8)
  A shadow imp (D:8)
  2 adders
  2 oozes
  3 giant geckos (D:2)
  15 orcs
  2 ball pythons
  2 giant cockroaches
  4 hobgoblins
  6 jackals
  3 bats
  A giant gecko skeleton (D:4)
  2 giant newts
  6 goblins
  A kobold (D:2)
  4 quokkas
  A quokka zombie (D:7)
  A rat (D:2)
92 creatures vanquished.

Vanquished Creatures (collateral kills)
  A necromancer (D:9)
  Psyche (D:9)
  A flying skull (D:9)
  A yak (D:9)
  The ghost of bollicks1999 the Skirmisher, an amateur HOFi (D:4)
  A wyvern (D:9)
  A hippogriff (D:8)
  An ice beast (D:6)
  A water moccasin (D:8)
  An ogre (D:6)
  2 necrophages (D:9)
  3 phantoms
  2 scorpions
  4 killer bees (D:7)
  2 wights (D:6)
  3 crimson imps
  An orc priest (D:5)
  3 centaur skeletons
  2 jellies
  A giant frog skeleton (D:9)
  3 worker ants
  An orc wizard (D:6)
  A killer bee zombie (D:9)
  A hound zombie (D:9)
  A worker ant zombie (D:8)
  Robin (D:3)
  2 gnolls (D:4)
  5 adders
  3 adder zombies
  An adder skeleton (D:9)
  4 worms
  A giant gecko (D:3)
  8 orcs
  4 bats (D:3)
  9 goblins (D:3)
  3 hobgoblins (D:3)
  6 jackals
  3 quokkas
  A giant cockroach (D:3)
  A giant cockroach zombie (D:6)
  2 giant newts
  A kobold (D:2)
95 creatures vanquished.

Vanquished Creatures (others)
  5 flying skulls (D:9)
  A wyvern zombie (D:9)
  A troll zombie (D:9)
  2 orc zombies (D:9)
  A jackal zombie (D:9)
  A quokka zombie (D:9)
11 creatures vanquished.

Grand Total: 198 creatures vanquished

Notes
Turn   | Place    | Note
--------------------------------------------------------------
     0 | D:1      | JustSomeDude the Demonspawn Monk began the quest for the Orb.
     0 | D:1      | Reached XP level 1. HP: 18/18 MP: 1/1
   257 | D:1      | You fall through a shaft!
   257 | D:2      | Found a faded altar to an unknown god.
   260 | D:2      | Became a worshipper of Yredelemnul the Dark
   260 | D:2      | Reached * piety under Yredelemnul
   260 | D:2      | Reached ** piety under Yredelemnul
   274 | D:2      | Gained mutation: You have a pair of small antennae on your head. [demonic ancestry]
   274 | D:2      | Reached XP level 2. HP: 18/24 MP: 1/3
   567 | D:2      | Reached *** piety under Yredelemnul
   776 | D:2      | Reached XP level 3. HP: 29/29 MP: 4/4
   982 | D:2      | Found a glowing golden altar of the Shining One.
   988 | D:2      | Reached skill level 4 in Unarmed Combat
  1076 | D:3      | Reached skill level 1 in Spellcasting
  1077 | D:3      | Gained mutation: You tend to lose your temper in combat. [potion of mutation]
  1077 | D:3      | Gained mutation: You are frail (-10% HP). [potion of mutation]
  1077 | D:3      | Gained mutation: Your mind is acute. (Int +2) [potion of mutation]
  1086 | D:3      | Received a gift from Yredelemnul
  1190 | D:3      | Noticed Robin
  1201 | D:3      | Killed Robin
  1201 | D:3      | Reached XP level 4. HP: 27/31 MP: 6/6
  1417 | D:3      | Found a burning altar of Makhleb.
  1417 | D:3      | Noticed a balrug
  1437 | D:3      | Noticed a smoke demon
  1437 | D:3      | Noticed an orange demon
  1852 | D:4      | Reached XP level 5. HP: 29/36 MP: 8/8
  1945 | D:4      | Noticed bollicks1999's ghost (amateur HOFi)
  1957 | D:4      | Killed bollicks1999's ghost
  1957 | D:4      | Reached skill level 1 in Invocations
  1958 | D:4      | Noticed a phantom
  1973 | D:4      | Killed a phantom
  1973 | D:4      | Gained mutation: You are partially covered in sharp spines. [demonic ancestry]
  1973 | D:4      | Reached XP level 6. HP: 19/43 MP: 9/9
  1989 | D:4      | Gained mutation: You can spit weak poison. [potion of mutation]
  1989 | D:4      | Lost mutation: You are frail (-10% HP). [potion of mutation]
  1989 | D:4      | Gained mutation: Your muscles are strong. (Str +2) [potion of mutation]
  2125 | D:4      | Reached **** piety under Yredelemnul
  2315 | D:5      | Entered Level 5 of the Dungeon
  2320 | D:5      | Noticed a hungry ghost
  2328 | D:5      | Killed a hungry ghost
  2552 | D:5      | Gained mutation: Your flesh is cold resistant. [demonic ancestry]
  2552 | D:5      | Reached XP level 7. HP: 54/54 MP: 11/11
  2620 | D:5      | Received a gift from Yredelemnul
  3022 | D:6      | Found a stormy altar of Qazlal.
  3153 | D:6      | Gained mutation: You are partially covered in rugged brown scales (AC +1, +3% HP). [demonic ancestry]
  3153 | D:6      | Reached XP level 8. HP: 52/62 MP: 13/13
  3155 | D:6      | Reached skill level 1 in Axes
  3155 | D:6      | Reached skill level 5 in Dodging
  3345 | D:6      | Reached skill level 5 in Fighting
  3777 | D:7      | Received a gift from Yredelemnul
  3819 | D:7      | Found Myoth's Antique Armour Emporium.
  3829 | D:7      | Bought a smelly chain mail for 228 gold pieces
  3839 | D:7      | Identified the +4 chain mail of the Doldrums {*Confuse rPois rC+} (You bought it in a shop on level 7 of the Dungeon)
  3839 | D:7      | Gained mutation: You have large cloven feet. [potion of mutation]
  3839 | D:7      | Gained mutation: You expend magic power (3 MP) to strengthen your wands. [potion of mutation]
  3839 | D:7      | Lost mutation: Your muscles are strong. (Str +2) [potion of mutation]
  3940 | D:7      | Reached skill level 5 in Invocations
  3947 | D:7      | Found a staircase to the Ecumenical Temple.
  4298 | D:8      | Reached skill level 6 in Dodging
  4300 | D:8      | Gained mutation: You have a pair of antennae on your head. [demonic ancestry]
  4300 | D:8      | Reached XP level 9. HP: 70/70 MP: 15/15
  4652 | D:9      | Noticed a skeletal warrior
  4658 | D:9      | Noticed a necromancer
  4659 | D:9      | Reached skill level 1 in Armour
  4660 | D:9      | HP: 1/70 [skeletal warrior/flail (11)]
  4671 | D:9      | Killed a necromancer
  4672 | D:9      | Reached skill level 5 in Spellcasting
  5096 | D:9      | Reached skill level 5 in Stealth
  5127 | D:9      | Noticed Psyche
  5136 | D:9      | Killed Psyche
  5136 | D:9      | Reached skill level 7 in Invocations
  5254 | D:9      | Reached XP level 10. HP: 57/78 MP: 16/18
  5297 | D:9      | HP: 1/78 [skeletal warrior/flail (18)]
  5312 | D:9      | HP: 2/78 [skeletal warrior/flail (3)]
  5317 | D:9      | Slain by a necrophage

Action                   |  1- 3 |  4- 6 |  7- 9 | 10-12 || total
-------------------------+-------+-------+-------+-------++-------
Melee: Unarmed           |    86 |   103 |     4 |       ||   193
       War axe           |       |     3 |   161 |    10 ||   174
Throw: Tomahawk          |       |       |     1 |       ||     1
Invok: Animate Dead      |     1 |     1 |     4 |     1 ||     7
       Recall Undead Sla |     1 |       |       |       ||     1
       Injury Mirror     |       |       |     1 |       ||     1
       Drain Life        |       |       |     1 |       ||     1
 Abil: Spit Poison       |       |       |     1 |       ||     1
Evoke: Wand              |       |       |       |     1 ||     1
  Use: Potion            |     4 |     2 |     5 |     2 ||    13
       Scroll            |       |     2 |       |       ||     2
 Stab: Sleeping          |     4 |     1 |     6 |       ||    11
       Distracted        |       |     1 |     1 |       ||     2
  Eat: Chunk             |       |     3 |     1 |       ||     4
       Meat ration       |       |     1 |     1 |       ||     2
       Beef jerky        |       |       |     2 |       ||     2
       Fruit             |       |       |     1 |       ||     1
       Bread ration      |       |       |     1 |       ||     1
